 Dungeon Crawl Stone Soup version 0.24.0-125-gc4c63601f3 (webtiles) character file.

Game seed: 4856857753306275533, levelgen mode: deterministic

89 Frank2 the Cudgeler (level 4, -5/34 HPs)
             Began as a Demonspawn Gladiator on Mar 1, 2020.
             Slain by Sigmund
             ... wielding a cursed -3 scythe
              (6 damage)
             ... on level 3 of the Dungeon.
             The game lasted 00:03:18 (2065 turns).

Frank2 the Cudgeler (Demonspawn Gladiator)          Turns: 2065, Time: 00:03:18

Health: -5/34      AC:  6    Str: 14 (15) XL:     4   Next: 31%
Magic:  4/4        EV: 13    Int:  6 (9)  God:
Gold:   180        SH:  0    Dex: 12 (15) Spells: 3/3 levels left

rFire    . . .     SeeInvis .   a - +0 flail
rCold    . . .     Gourm    .   (no shield)
rNeg     . . .     Faith    .   b - +0 leather armour
rPois    .         Spirit   .   c - +0 helmet
rElec    .         Reflect  .   (no cloak)
rCorr    .         Harm     .   (no gloves)
MR       .....                  (no boots)
Stlth    +.........             (no amulet)
HPRegen  0.11/turn              (no ring)
MPRegen  0.09/turn              (no ring)

@: no status effects
A: molten scales 1, rot immunity
a: no special abilities


You were on level 3 of the Dungeon.
You were hungry.

You visited 1 branch of the dungeon, and saw 3 of its levels.

You collected 180 gold pieces.

Inventory:

Hand Weapons
 a - a +0 flail (weapon)
Missiles
 d - 3 throwing nets (quivered)
Armour
 b - a +0 leather armour (worn)
 c - a +0 helmet (worn)
Scrolls
 e - a scroll of remove curse
 j - 3 scrolls of identify
 k - a scroll of noise {unknown}
 m - 2 scrolls of blinking
Potions
 g - a potion of lignification
 h - a potion of might
 i - a potion of curing {unknown}
Comestibles
 f - 6 rations


   Skills:
 + Level 2.7 Fighting
 + Level 3.6 Maces & Flails
 - Level 1.7 Throwing
 + Level 1.0 Armour
 + Level 3.3 Dodging


You had 3 spell levels left.
You didn't know any spells.
Your spell library was empty.

Dungeon Overview and Level Annotations

Branches:
Dungeon (3/15)

Altars:

Annotations:
D:3 Sigmund


Innate Abilities, Weirdness & Mutations

You are partially covered in molten scales. (AC +2)
You are immune to rotting.


Message History

Sigmund flickers and vanishes!
Deactivating autopickup; reactivate with Ctrl-A.
The orc priest invokes the aid of Beogh against you.
Beogh smites you! The orc priest closely misses you. Something hits you!
You hit the orc priest.
The orc priest is lightly wounded.
The orc priest barely misses you.
The orc priest invokes the aid of Beogh against you.
Beogh smites you!
* * * LOW HITPOINT WARNING * * *
You hit the orc priest but do no damage.
The orc priest is lightly wounded.
Something hits you.
* * * LOW HITPOINT WARNING * * *
The orc priest hits you but does no damage.
You closely miss the orc priest.
The orc priest is lightly wounded.
Something hits you.
You die...

##......##
###......[.###
#.'....#...'.#
#.'...#....'.#
#†#........#.#
#.##......##.#
#..##....###.#
#...###### #.#
#.....# #@#
####.....# #o#
##........#
#.#
#..##.....#
#og...o..
#.###...†.#
###...o.. ###
###.### g{....
#######..#####


.o.oo ............... ..o.. #########.##### .... You could see an orc priest, an
orc and a goblin.

Vanquished Creatures
  3 adders
  A worm (D:3)
  2 leopard geckos
  A ball python (D:3)
  6 bats
  8 giant cockroaches
  5 goblins
  7 hobgoblins
  A jackal (D:2)
  4 frilled lizards
  A jackal skeleton (D:3)
  9 kobolds
  10 rats
58 creatures vanquished.

Vanquished Creatures (others)
  A jackal (D:2)
1 creature vanquished.

Grand Total: 59 creatures vanquished

Notes
Turn   | Place    | Note
-------+----------+-------------------------------------------
     0 | D:1      | Frank2 the Demonspawn Gladiator began the quest for the
                  | Orb.
     0 | D:1      | Reached XP level 1. HP: 16/16 MP: 1/1
   115 | D:1      | Gained mutation: You are partially covered in molten
                  | scales. (AC +2) [demonic ancestry]
   115 | D:1      | Reached XP level 2. HP: 18/23 MP: 2/2
   868 | D:2      | Reached XP level 3. HP: 28/28 MP: 3/3
  1620 | D:3      | HP: 1/28 [kobold/+0 short sword (3)]
  1920 | D:3      | Gained mutation: You are immune to rotting. [demonic
                  | ancestry]
  1920 | D:3      | Reached XP level 4. HP: 26/34 MP: 4/4
  2033 | D:3      | Reached skill level 1 in Armour
  2055 | D:3      | Noticed Sigmund
  2064 | D:3      | HP: 1/34 [something (4)]
  2065 | D:3      | Slain by Sigmund

Levels and vault maps discovered:
D:1:      minmay_arrival_doors, layout_loops_cross, minivault_25,
          minmay_misc_feat_four_crosses, minmay_small_reverse_x
D:2:      layout_basic, corexii_hall_statues_x, lemuel_old_faithful
D:3:      layout_rooms, kennysheep_generic_room_3, uniq_crazy_yiuf_cottage,
          uniq_sigmund, uniq_terence, uniq_ijyb

Skill      XL: |  1  2  3  4 |
---------------+-------------+-----
Maces & Flails | 3 |  3.6
Dodging        | 3 |  3.3
Armour         | 1 |  1.0
Fighting       | |  2.7
Throwing       | |  1.7

Action                   |  1- 3 |  4- 6 || total
-------------------------+-------+-------++-------
Melee: Flail             |   153 |    29 ||   182
  Use: Scroll            |     7 |       ||     7
       Potion            |     4 |       ||     4
 Stab: Sleeping          |     1 |       ||     1
       Distracted        |     1 |       ||     1
  Eat: Chunk             |     3 |       ||     3
Armor: Leather armour    |    58 |     7 ||    65
       Skin              |    20 |       ||    20
Dodge: Dodged            |   127 |    18 ||   145
